 Dungeon Crawl Stone Soup version 0.22-a0-362-g535178c (webtiles) character file.

6 Kikal the Vexing (level 1, -1/7 HPs)
             Began as a Felid Enchanter on Apr 19, 2018.
             Slain by a kobold
             ... wielding a +0 dagger
              (2 damage)
             ... on level 1 of the Dungeon.
             The game lasted 00:01:36 (385 turns).

Kikal the Vexing (Felid Enchanter)                   Turns: 385, Time: 00:01:37

Health: -1/7       AC:  1    Str:  4    XL:     1   Next: 75%
Magic:  3/4        EV: 18    Int: 16    God:
Gold:   24         SH:  0    Dex: 16    Spells: 3/4 levels left
                                        Lives:  0   Deaths: 0

rFire    . . .     SeeInvis +     - Unarmed
rCold    . . .     Gourm    .   (shield unavailable)
rNeg     . . .     Faith    .   (armour unavailable)
rPois    .         Spirit   .   (helmet unavailable)
rElec    .         Reflect  .   (cloak unavailable)
rCorr    .         Harm     .   (gloves unavailable)
MR       .....                  (boots unavailable)
Stlth    +++.......             (no amulet)
HPRegen  0.02/turn              (no ring)
MPRegen  0.09/turn              (no ring)

@: quick
A: very small, no armour, no weapons or thrown items, stealth, claws 1, fangs 3,
see invisible, carnivore, speed 1, shaggy fur 1, slow metabolism 1, sharp paws
a: no special abilities


You were on level 1 of the Dungeon.
You were very full.

You visited 1 branch of the dungeon, and saw 1 of its levels.

You collected 24 gold pieces.

Inventory:

Comestibles
 b - 3 rations


   Skills:
 - Level 2.6 Dodging
 - Level 4.0 Stealth
 + Level 1.3 Unarmed Combat
 + Level 2.1 Spellcasting
 + Level 4.6 Hexes


You had 3 spell levels left.
You knew the following spells:

 Your Spells              Type           Power        Failure   Level  Hunger
a - Corona                Hex            ###....      3%          1    #......


Dungeon Overview and Level Annotations

Branches:
Dungeon (1/15)

Altars:

Annotations:
D:1 exclusion: 2 jackals


Innate Abilities, Weirdness & Mutations

You cannot wear armour.
You are incapable of wielding weapons or throwing items.
Your paws allow you to move quietly. (Stealth)
You have sharp claws.
You have razor-sharp teeth.
You have supernaturally acute eyesight. (SInv)
You are carnivorous and can eat meat at any time.
You cover ground quickly.
You are covered in fur. (AC +1)
You have a slow metabolism.
Your sharp claws are effective at attacking unaware monsters.


Message History

Aim: a kobold, wielding a dagger (chance to defeat MR: 71%)
The kobold barely resists.
You now have 3/4 mp.
Aim: a kobold, wielding a dagger (chance to defeat MR: 71%)
The kobold is outlined in light.
You now have 2/4 mp.
You scratch the kobold but do no damage.
The kobold completely misses you.
You scratch the kobold. The kobold hits you with a dagger.
Ouch! That really hurt!
* * * LOW HITPOINT WARNING * * *
You take 4 damage, and have 2/7 hp.
MASSIVE DAMAGE!!
You closely miss the kobold. Your bite misses the kobold.
The kobold misses you.
The kobold stops glowing.
The kobold hits you but does no damage.
You barely miss the kobold. The kobold hits you with a dagger.
* * * LOW HITPOINT WARNING * * *
You take 2 damage, and have 1/7 hp.
MASSIVE DAMAGE!!
You completely miss the kobold. The kobold hits you with a dagger.
You die...

#..# ##....[..
#..# ##......
#..# ##.....
#..# #+#.##
#..# #.#.#
#..# #...#
#..# #.###
#..# #.#
########.@#
#.#
#........K#
#.####
#.#######.###
#...(. #.....#
####.. #....!#
#...
#..........
##..
..........##.#
##.
###.#.....# #
#. #####.###
#.


You could see a kobold.

Vanquished Creatures
  2 hobgoblins (D:1)
  3 bats (D:1)
  A rat (D:1)
6 creatures vanquished.

Notes
Turn   | Place    | Note
-------+----------+-------------------------------------------
     0 | D:1      | Kikal the Felid Enchanter began the quest for the Orb.
     0 | D:1      | Reached XP level 1. HP: 7/7 MP: 4/4
   385 | D:1      | Slain by a kobold

Vault maps used:
D:1:      lemuel_arrival_rhombus, solitary_fountain

Action                   || total
-------------------------++-------
Melee: Unarmed           ||    18
       Bite              ||     3
 Cast: Corona            ||     5
 Stab: Sleeping          ||     2
  Eat: Chunk             ||     5
Armor: Skin              ||     6
Dodge: Dodged            ||    14

Table legend:
 A = Spawn XP
 B = Non-spawn XP
 C = Spawn XP percentage of total XP
 D = Spawn monster count
 E = Non-spawn monster count
 F = Spawn count percentage of total count
 G = Total turns spent on level
                    A         B        C        D         E        F      G
               +---------+---------+-------+---------+---------+-------+---------
         Total |       0 |       9 |   0.0 |       0 |       6 |   0.0 |   385
               +---------+---------+-------+---------+---------+-------+---------
           D:1 |       0 |       9 |   0.0 |       0 |       6 |   0.0 |   385
               +---------+---------+-------+---------+---------+-------+---------
